 Dungeon Crawl Stone Soup version 0.27.1-34-g3ba077fa99 (webtiles) character file.

Game seed: 12710159184311398331

9 chmiii the Skirmisher (level 2, -2/37 HPs)
             Began as a Palentonga Fighter on Jan 27, 2022.
             Slain by Sigmund (13 damage)
             ... on level 2 of the Dungeon.
             The game lasted 00:03:44 (601 turns).

chmiii the Skirmisher (Palentonga Fighter)           Turns: 601, Time: 00:03:45

Health: -2/37      AC:  6    Str: 19    XL:     2   Next: 6%
Magic:  0/2        EV:  5    Int:  8    God:
Gold:   39         SH:  0    Dex:  9    Spells: 1/1 levels left

rFire    . . .     SeeInvis +   a - +0 war axe
rCold    . . .     Faith    .   c - +0 kite shield
rNeg     . . .     Spirit   .   b - +0 scale mail
rPois    .         Reflect  .   (no helmet)
rElec    .         Harm     .   (no cloak)
rCorr    .         Rampage  .   (no gloves)
Will     .....                  (no barding)
Stlth    ..........             (no amulet)
HPRegen  0.12/turn              (no ring)
MPRegen  0.08/turn              (no ring)

@: confused, berserking, very quick
A: large, rugged brown scales 3, see invisible, deformed body, roll 1, armoured
tail
a: Rolling Charge


You were on level 2 of the Dungeon.
You visited 1 branch of the dungeon, and saw 2 of its levels.

You collected 39 gold pieces.

Inventory:

Hand Weapons
 a - a +0 war axe (weapon)
Armour
 b - a +0 scale mail (worn)
 c - a +0 kite shield (worn)
Scrolls
 e - a scroll of torment {unknown}
 g - a scroll of magic mapping {unknown}
 i - 2 scrolls of teleportation {unknown}
 j - a scroll of blinking {unknown}
 k - a scroll of fog {unknown}
Potions
 d - 2 potions of might
 f - a potion of berserk rage
 h - a potion of haste {unknown}
 l - 2 potions of degeneration {unknown}


   Skills:
 + Level 3.1 Fighting
 * Level 2.5 Axes
 - Level 2.4 Armour
 - Level 2.4 Shields
 + Level 0.0 Spellcasting
 + Level 0.0 Conjurations


You had one spell level left.
You didn't know any spells.
Your spell library contained the following spells:

 Spells                   Type           Power      Damage    Failure   Level
 Magic Dart               Conj           0%         1d3       99%         1
 Call Imp                 Summ           0%         N/A       100%        2
 Mephitic Cloud           Conj/Pois/Air  0%         N/A       100%        3


Dungeon Overview and Level Annotations

Branches:
Dungeon (2/15)

Altars:

Annotations:
D:2 Sigmund


Innate Abilities, Weirdness & Mutations

You are completely covered in rugged brown scales. (AC +3, +7% HP)
You have supernaturally acute eyesight. (SInv)
Armour fits poorly on your strangely shaped body.
You can roll at nearby foes to attack.
You have a long armoured tail.


Message History

There is a stone staircase leading down here.
You climb downwards.
Found a potion of might.
There is a stone staircase leading up here.
A hobgoblin comes into view.
A kobold comes into view. It is wielding a +0 short sword.
The kobold shouts!
Sigmund points at you and mumbles some strange words.
You are confused.
You bump into the rock wall.
The hobgoblin hits you.
You miss the kobold.
Your tail-slap misses the kobold.
You barely miss the hobgoblin. The hobgoblin barely misses you.
The kobold hits you with a +0 short sword.
You bump into the rock wall.
The kobold hits you with a +0 short sword.
The hobgoblin hits you but does no damage.
The hobgoblin hits you.
Sigmund hits you with a +3 antimagic scythe!
You feel your power leaking away.
Okay, then.
It was a potion of berserk rage.
A red film seems to cover your vision as you go berserk!
You feel yourself moving faster!
You feel mighty!
You feel less confused. You block the hobgoblin's attack.
The kobold hits you with a +0 short sword.
Sigmund hits you with a +3 antimagic scythe.
You closely miss Sigmund. You hit the hobgoblin. You closely miss the kobold.
The hobgoblin hits you but does no damage.
You block the kobold's attack. The hobgoblin barely misses you.
You hit Sigmund but do no damage. You barely miss the hobgoblin.
You closely miss the kobold. The kobold hits you but does no damage.
Sigmund gestures at you while chanting.
You are confused.
The hobgoblin barely misses you.
The kobold hits you with a +0 short sword.
* * * LOW HITPOINT WARNING * * *
You closely miss Sigmund. You hit the hobgoblin. You barely miss the kobold.
Sigmund hits you with a +3 antimagic scythe!
You die...

.###.# .....##
##....!..
#........
##........
##.<...@...
###...##.....
##.
#...@###.....
.....###@.......
.
.......Kg#######
.....##### ###


You could see Sigmund, a hobgoblin and a kobold.

Vanquished Creatures
  An endoplasm (D:1)
  3 hobgoblins (D:1)
  A quokka (D:1)
  A bat (D:1)
  A kobold (D:1)
  2 rats (D:1)
9 creatures vanquished.

Notes
Turn   | Place    | Note
-------+----------+-------------------------------------------
     0 | D:1      | chmiii the Palentonga Fighter began the quest for the Orb.
     0 | D:1      | Reached XP level 1. HP: 19/19 MP: 1/1
   374 | D:1      | Reached XP level 2. HP: 25/25 MP: 2/2
   589 | D:2      | Noticed Sigmund
   601 | D:2      | Slain by Sigmund

Illustrated notes

Levels and vault maps discovered:
D:1:      scummos_arrival_simple_crosswalls, layout_rooms, minmay_tetromino_s2
D:2:      layout_rooms, uniq_sigmund, uniq_natasha

Action                   || total
-------------------------++-------
Melee: War axe           ||    24
       Tailslap          ||     2
  Use: Potion            ||     1
Armor: Scale mail        ||    13
Dodge: Dodged            ||     5
Block: Kite shield       ||     7
